 Dungeon Crawl Stone Soup version 0.30.0-15-g856e2d3f33 (webtiles) character file.

Game seed: 15035573547135465314

149 qw the Chopper (level 5, 0/32 HPs)
             Began as a Gargoyle Fighter on May 18, 2023.
             Slain by an orc wizard
             ... wielding the +3 hand axe "Ciudd" {flame, rPois Str+6 Dex+2 SInv}
              (2 damage)
             ... on level 3 of the Dungeon.
             The game lasted 00:01:01 (1919 turns).

qw the Chopper (Gargoyle Fighter)                   Turns: 1919, Time: 00:01:02

Health: 0/32       AC: 16    Str: 21    XL:     5   Next: 31%
Magic:  5/5        EV:  7    Int:  9    God:
Gold:   94         SH:  4    Dex:  9    Spells: 4/4 levels left

rFire   . . .        Y - +2 war axe
rCold   . . .        c - +0 buckler
rNeg    + . .        i - +0 chain mail
rPois   inf          n - +1 helmet
rElec   +            (no cloak)
rCorr   .            m - +0 pair of gloves
SInv    .            (no boots)
Will    .....        (no amulet) Stlth
                     (no ring)
HPRegen 0.25/turn    (no ring)
MPRegen 0.09/turn

%: no passive effects
@: no status effects
A: sickness immunity, AC +4, negative energy resistance 1, electricity
resistance, torment resistance 1, petrification resistance, sense surroundings
1, wild magic 1
a: no special abilities


You were on level 3 of the Dungeon.
You visited 1 branch of the dungeon, and saw 3 of its levels.

You collected 139 gold pieces.
You spent 45 gold pieces at shops.


Innate Abilities, Weirdness & Mutations

You are immune to sickness and miasma.
Your stone body is resilient. (AC +4)
You are immune to poison.
You resist negative energy. (rN+)
You are resistant to electric shocks. (rElec)
You are resistant to unholy torment.
You are immune to petrification.
You passively map a small area around you.
Your spells are a little harder to cast, but a little more powerful.


   Skills:
 - Level 3.2 Fighting
 + Level 4.9 Axes
 - Level 3.2 Armour
 - Level 3.2 Shields


You had 4 spell levels left.
You didn't know any spells.
Your spell library was empty.

Inventory:

Hand Weapons
 g - a +0 mace
 Y - a +2 war axe (weapon)
Armour
 c - a +0 buckler (worn)
 i - a +0 chain mail (worn)
 m - a +0 pair of gloves (worn)
 n - a +1 helmet (worn)
Scrolls
 a - a scroll of identify
Potions
 d - a potion of might
 f - a potion of ambrosia {unknown}
 j - 4 potions of curing {unknown}
 l - a potion of degeneration {unknown}

Dungeon Overview and Level Annotations

Branches:
Dungeon (3/15)

Altars:

Shops:
D:2 [


Message History

You barely miss the orc wizard.
The orc wizard hits you but does no damage.
You closely miss the orc wizard. You block the orc wizard's attack.
You hit the orc wizard.
The orc wizard is moderately wounded.
The orc wizard casts a spell at you.
You are confused.
The orc wizard gestures wildly while chanting.
The orc wizard flickers and vanishes!
Deactivating autopickup; reactivate with Ctrl-A.
You miss something. Something hits you but does no damage. Something hits you.
Something burns you.
You miss something. Something hits you! Something burns you.
You bump into the rock wall.
You hear some strange, mumbled words.
A magic dart appears from out of thin air!
The magic dart hits you but does no damage.
You closely miss something. Something hits you but does no damage.
You barely miss something.
You feel less confused. Something hits you but does no damage.
You miss something. Something hits you. Something burns you.
Something hits you. Something burns you.
You hit something.
You hear some strange, mumbled words.
You are confused.
You closely miss something. Something hits you but does no damage.
You bump into the rock wall.
Something hits you. Something burns you.
You completely miss something. Something hits you. Something burns you.
Something hits you but does no damage.
You miss something.
You feel less confused. Something hits you.
You die...

#........ # #!...o...,,
# ####........ * #
#......... * #....
#......., , , #....
#.....# #.... #.....#
#.... #....{### #....
#.....@.# #....
#.....#.###########....
#.....#...........#....
#.....###########%.....
#.....# ##.#### #######
#....# ####.. * * ##. ,
, ######.


There were no monsters in sight!

Vanquished Creatures
  An orc priest (D:3)
  Jessica (D:2)
  3 adders
  A worm (D:2)
  5 dart slugs
  4 orcs
  7 bats
  2 endoplasms
  A giant cockroach (D:2)
  4 goblins
  4 hobgoblins
  2 quokkas (D:3)
  4 ball pythons
  5 frilled lizards
  7 kobolds
  A rat (D:1)
52 creatures vanquished.

Notes
Turn   | Place    | Note
-------+----------+-------------------------------------------
     0 | D:1      | qw the Gargoyle Fighter began the quest for the Orb.
     0 | D:1      | Reached XP level 1. HP: 14/14 MP: 1/1
     0 | D:1      | 0 ||| qw: Version: 0.2-a-96-g08746bd
     0 | D:1      | 0 ||| qw: Game counter: 76
     0 | D:1      | 0 ||| qw: Always use a shield: true
     0 | D:1      | 0 ||| qw: God list: Okawaru
     0 | D:1      | 0 ||| qw: Allow faded altars: false
     0 | D:1      | 0 ||| qw: Do Orc after D:15 true
     0 | D:1      | 0 ||| qw: Do second Lair branch before Depths: true
     0 | D:1      | 0 ||| qw: Lair rune preference: random
     0 | D:1      | 0 ||| qw: Plans: Normal, Zot:1-4, God:TSO, Crypt, Tomb,
                  | Pan, Slime:5, Hells, Abyss, Win
     0 | D:1      | 0 ||| PLANNING D:1-11
    22 | D:1      | Reached skill level 2 in Axes
   144 | D:1      | Reached XP level 2. HP: 19/19 MP: 2/2
   179 | D:1      | 179 ||| Stepping ~*~*~tactically~*~*~ (hiding).
   193 | D:1      | 193 ||| Stepping ~*~*~tactically~*~*~ (hiding).
   196 | D:1      | 196 ||| Stepping ~*~*~tactically~*~*~ (hiding).
   517 | D:1      | Reached skill level 3 in Axes
   596 | D:1      | Reached XP level 3. HP: 23/23 MP: 3/3
   826 | D:1      | 826 ||| READING 2 scrolls labelled ANYIVI RAEWKOI.
   827 | D:1      | 827 ||| READING scroll labelled YDABRI QULATI.
   828 | D:1      | 828 ||| READING scroll labelled QINOSCH UMAI.
   929 | D:1      | 929 ||| READING scroll labelled UTWUMYITHU.
  1115 | D:2      | Noticed Jessica
  1119 | D:2      | Killed Jessica
  1123 | D:2      | Found Dasifaaq's Armour Emporium.
  1153 | D:2      | 1153 ||| BUYING +0 chain mail (45 gold).
  1153 | D:2      | Bought a +0 chain mail for 45 gold pieces
  1153 | D:2      | 1153 ||| SHOPLISTING +0 helmet (45 gold, have 23).
  1153 | D:2      | 1153 ||| SHOPLISTING +0 pair of boots "Pucaf" {Dex+2} (157
                  | gold, have 23).
  1153 | D:2      | 1153 ||| SHOPLISTING +3 buckler of Laeg {rCorr Int+3
                  | Stlth+} (412 gold, have 23).
  1153 | D:2      | Found a faded altar of an unknown god.
  1172 | D:2      | 1172 ||| Stepping ~*~*~tactically~*~*~ (stealth).
  1175 | D:2      | 1175 ||| Stepping ~*~*~tactically~*~*~ (stealth).
  1182 | D:2      | Reached XP level 4. HP: 28/28 MP: 4/4
  1204 | D:2      | Reached skill level 4 in Axes
  1306 | D:2      | 1306 ||| READING scroll of enchant weapon.
  1306 | D:2      | 1306 ||| ENCHANTING +1 war axe.
  1662 | D:2      | 1662 ||| UPGRADING to +0 chain mail.
  1672 | D:2      | 1672 ||| DROPPING +0 scale mail.
  1673 | D:2      | 1673 ||| UPGRADING to +0 pair of gloves.
  1678 | D:2      | 1678 ||| UPGRADING to +1 helmet.
  1683 | D:2      | 1683 ||| READING scroll labelled FOPLEV FIT.
  1684 | D:2      | 1684 ||| DRINKING 2 metallic clear potions.
  1684 | D:2      | Gained mutation: You sometimes lose your temper in combat.
                  | [potion of mutation]
  1684 | D:2      | Gained mutation: You have large cloven feet. [potion of
                  | mutation]
  1684 | D:2      | Gained mutation: Your spells are a little harder to cast,
                  | but a little more powerful. [potion of mutation]
  1685 | D:2      | 1685 ||| DRINKING potion of mutation.
  1685 | D:2      | Lost mutation: You have large cloven feet. [potion of
                  | mutation]
  1685 | D:2      | Lost mutation: You sometimes lose your temper in combat.
                  | [potion of mutation]
  1685 | D:2      | Gained mutation: You passively map a small area around you.
                  | [potion of mutation]
  1686 | D:2      | 1686 ||| DRINKING 2 bubbling puce potions.
  1687 | D:2      | 1687 ||| DROPPING potion of flight.
  1726 | D:3      | 1726 ||| Stepping ~*~*~tactically~*~*~ (stealth).
  1739 | D:3      | Reached XP level 5. HP: 32/32 MP: 5/5
  1820 | D:3      | 1820 ||| Stepping ~*~*~tactically~*~*~ (hiding).
  1843 | D:3      | 1843 ||| Stepping ~*~*~tactically~*~*~ (stealth).
  1886 | D:3      | Identified the +3 hand axe "Ciudd" {flame, rPois Str+6
                  | Dex+2 SInv}
  1887 | D:3      | 1887 ||| Stepping ~*~*~tactically~*~*~ (stealth).
  1888 | D:3      | 1888 ||| Stepping ~*~*~tactically~*~*~ (stealth).
  1891 | D:3      | 1891 ||| Stepping ~*~*~tactically~*~*~ (stealth).
  1893 | D:3      | 1893 ||| Stepping ~*~*~tactically~*~*~ (stealth).
  1896 | D:3      | 1896 ||| Stepping ~*~*~tactically~*~*~ (hiding).
  1897 | D:3      | 1897 ||| Stepping ~*~*~tactically~*~*~ (hiding).
  1898 | D:3      | 1898 ||| Stepping ~*~*~tactically~*~*~ (hiding).
  1913 | D:3      | HP: 8/32 [something (4)]
  1918 | D:3      | HP: 4/32 [something (3)]
  1919 | D:3      | Slain by an orc wizard

Levels and vault maps discovered:
D:1:      dpeg_arrival_houses_and_road, layout_loops_ring
D:2:      layout_basic, ebering_ecumenical_altar_box, serial_shops, shop,
          mrwooster_statue_mirror, minivault_27, minmay_cut_off, uniq_jessica
D:3:      layout_basic, chequers_serial_rivers_room_b

Skill      XL: |  1  2  3  4 |
---------------+-------------+-----
Axes           | 2 3 4 |  4.9
Fighting       | |  3.2
Armour         | |  3.2
Shields        | |  3.2

Action                     |  1- 3 |  4- 6 || total
---------------------------+-------+-------++-------
  Melee: War axe           |    80 |    76 ||   156
    Use: Scroll            |     4 |     2 ||     6
         Potion            |       |     3 ||     3
 Armour: Scale mail        |    35 |    16 ||    51
         Chain mail        |       |    21 ||    21
  Dodge: Dodged            |    34 |    27 ||    61
  Block: Buckler           |    18 |    15 ||    33

Table legend:
 A = Non-vault XP
 B = Vault XP
 C = Vault XP percentage of total XP
 D = Non-vault monster count
 E = Vault monster count
 F = Vault count percentage of total count
                 A         B        C        D         E       F
            +---------+---------+-------+---------+---------+-------
      Total |     173 |      41 |  19.2 |      50 |       2 |   3.8
            +---------+---------+-------+---------+---------+-------
        D:1 |      38 |       0 |   0.0 |      21 |       0 |   0.0
        D:2 |      53 |      41 |  43.6 |      14 |       2 |  12.5
        D:3 |      82 |       0 |   0.0 |      15 |       0 |   0.0
            +---------+---------+-------+---------+---------+-------
